 Dungeon Crawl Stone Soup version 0.26-a0-712-ga5a9c9c9d0 (webtiles) character file.

Game seed: 15220419065076966949

742 Gargoyl the Skirmisher (level 7, -3/61 HPs)
             Began as a Gnoll Abyssal Knight on Nov 1, 2020.
             Was a Believer of Lugonu.
             Killed by divine providence
             ... invoked by an orc priest
              (14 damage)
             ... on level 5 of the Dungeon.
             The game lasted 00:06:42 (3867 turns).

Gargoyl the Skirmisher (Gnoll Abyssal Knight)       Turns: 3867, Time: 00:06:43

Health: -3/61      AC: 15    Str: 17    XL:     7   Next: 76%
Magic:  12/12      EV:  4    Int: 14    God:    Lugonu [**....]
Gold:   247        SH: 13    Dex: 14    Spells: 11/11 levels left

rFire    . . .     SeeInvis +   c - +3 hand axe (vorpal)
rCold    . . .     Faith    .   y - +0 tower shield (curse)
rNeg     . . .     Spirit   .   n - +0 chain mail
rPois    .         Reflect  .   i - +0 helmet (curse)
rElec    .         Harm     .   d - +0 cloak
rCorr    .         Rampage  .   r - +1 pair of gloves
MR       .....                  (no boots)
Stlth    ..........             (no amulet)
HPRegen  0.20/turn              q - ring of attention (curse)
MPRegen  0.13/turn              h - ring of see invisible

@: brilliant
A: distributed training, fangs 1, rugged brown scales 1, high mp 1, strong nose
a: Depart the Abyss, Bend Space, Renounce Religion


You were on level 5 of the Dungeon.
You worshipped Lugonu.
Lugonu was pleased with you.
You visited 1 branch of the dungeon, and saw 5 of its levels.
You visited the Abyss 1 time.

You collected 247 gold pieces.

Inventory:

Hand Weapons
 a - a +3 hand axe
 c - a +3 vorpal hand axe (weapon)
Missiles
 k - 12 poisoned darts (quivered)
Armour
 d - a +0 cloak (worn)
 i - a cursed +0 helmet (worn)
 n - a +0 chain mail (worn)
 r - a +1 pair of gloves (worn)
 y - a cursed +0 tower shield (worn)
Jewellery
 g - an uncursed ring of magical power
 h - a ring of see invisible (right hand)
 q - a cursed ring of attention (left hand)
Wands
 x - a wand of random effects (17)
Scrolls
 e - a scroll of identify
 w - a scroll of teleportation
Potions
 b - a potion of berserk rage
 f - a potion of ambrosia
 j - 2 potions of mutation
 l - 2 potions of curing {unknown}
 m - 2 potions of haste {unknown}
 o - 2 potions of brilliance
 p - a potion of heal wounds {unknown}
 s - a potion of lignification {unknown}
 z - a potion of cancellation {unknown}


   Skills:
 + Level 7.1 Fighting
 + Level 2.7 Short Blades
 + Level 2.7 Long Blades
 + Level 5.3 Axes
 + Level 2.7 Maces & Flails
 + Level 2.7 Polearms
 + Level 2.7 Staves
 + Level 2.7 Slings
 + Level 2.7 Bows
 + Level 2.7 Crossbows
 + Level 2.7 Throwing
 + Level 5.3 Armour
 + Level 3.8 Dodging
 + Level 2.7 Stealth
 + Level 2.7 Shields
 + Level 2.7 Unarmed Combat
 + Level 2.7 Spellcasting
 + Level 2.2 Conjurations
 + Level 2.2 Hexes
 + Level 2.2 Summonings
 + Level 2.2 Necromancy
 + Level 2.2 Translocations
 + Level 2.2 Transmutations
 + Level 2.2 Fire Magic
 + Level 2.2 Ice Magic
 + Level 2.2 Air Magic
 + Level 2.2 Earth Magic
 + Level 2.2 Poison Magic
 + Level 5.5 Invocations
 + Level 2.7 Evocations


You had 11 spell levels left.
You didn't know any spells.
Your spell library was empty.

Dungeon Overview and Level Annotations

Branches:
Dungeon (5/15)
 Temple: D:4-7

Altars:
Kikubaaqudgha
Ru
Trog
Xom


Innate Abilities, Weirdness & Mutations

Your experience applies equally to all skills.
You have very sharp teeth.
Your uncanny sense of smell can sniff out nearby items.
You are partially covered in rugged brown scales. (AC +1, +3% HP)
You have an increased reservoir of magic. (+10% MP)


Message History

The ogre is moderately wounded.
The orc priest looks satisfied for a moment.
The orc priest invokes the aid of Beogh against you.
Beogh smites you! You block the ogre's attack.
The orc priest begins to cast a cantrip, but forgets the words!
You hit the ogre.
The ogre is moderately wounded.
The orc priest calls down the wrath of Beogh upon you.
Beogh smites you! You block the ogre's attack.
You hit the ogre.
The ogre is heavily wounded.
The ogre hits you with a +0 giant club!
* * * LOW HITPOINT WARNING * * *
It was a potion of brilliance.
You feel clever all of a sudden. The hornet zombie hits you!
* * * LOW HITPOINT WARNING * * *
The orc priest mumbles some strange prayers to Beogh against you.
Beogh smites you!
You die...

######..#+##
#..........#
#......o...#
#..........#
#..........# ##
#......o...# .#
#..........# .#
#.......ZO.# .#
#........@.# .#
#..........# .#
#..........#
.###############.##
.'..............>#
.#################
##


You could see an ogre, 2 orc priests and a hornet zombie.

Vanquished Creatures
  3 ogres (D:4)
  A centaur (D:5)
  Blork the orc (D:4)
  A bullfrog skeleton (D:4)
  An orc priest (D:2)
  An orc wizard (D:2)
  Jessica (D:3)
  A centaur skeleton (D:4)
  An iguana (D:4)
  2 worker ants (D:4)
  5 adders
  An adder zombie (D:5)
  A worm (D:2)
  A dart slug (D:2)
  3 leopard geckos
  2 orcs (D:2)
  3 ball pythons (D:1)
  9 bats
  7 giant cockroaches
  8 goblins
  6 hobgoblins
  5 jackals
  11 kobolds
  A quokka (D:3)
  6 frilled lizards
  A leopard gecko skeleton (D:4)
  A quokka skeleton (D:4)
  3 rats
87 creatures vanquished.

Vanquished Creatures (others)
  2 plants (D:2)
2 creatures vanquished.

Grand Total: 89 creatures vanquished

Notes
Turn   | Place    | Note
-------+----------+-------------------------------------------
     0 | Abyss:1  | Gargoyl the Gnoll Abyssal Knight began the quest for the
                  | Orb.
     0 | Abyss:1  | Reached XP level 1. HP: 23/23 MP: 3/3
   166 | Abyss:1  | Noticed a thrashing horror
   170 | D:1      | Escaped the Abyss
   363 | D:1      | Reached XP level 2. HP: 28/29 MP: 5/5
   406 | D:1      | Reached * piety under Lugonu
   626 | D:1      | Reached XP level 3. HP: 33/35 MP: 6/6
  1199 | D:2      | Reached skill level 1 in Short Blades
  1199 | D:2      | Reached skill level 1 in Long Blades
  1199 | D:2      | Reached skill level 1 in Maces & Flails
  1199 | D:2      | Reached skill level 1 in Polearms
  1199 | D:2      | Reached skill level 1 in Staves
  1199 | D:2      | Reached skill level 1 in Slings
  1199 | D:2      | Reached skill level 1 in Bows
  1199 | D:2      | Reached skill level 1 in Crossbows
  1199 | D:2      | Reached skill level 1 in Throwing
  1199 | D:2      | Reached skill level 1 in Stealth
  1199 | D:2      | Reached skill level 1 in Shields
  1199 | D:2      | Reached skill level 1 in Unarmed Combat
  1199 | D:2      | Reached skill level 1 in Spellcasting
  1199 | D:2      | Reached skill level 1 in Evocations
  1199 | D:2      | Reached XP level 4. HP: 31/41 MP: 7/7
  1207 | D:2      | Reached skill level 1 in Conjurations
  1207 | D:2      | Reached skill level 1 in Hexes
  1207 | D:2      | Reached skill level 1 in Summonings
  1207 | D:2      | Reached skill level 1 in Necromancy
  1207 | D:2      | Reached skill level 1 in Translocations
  1207 | D:2      | Reached skill level 1 in Transmutations
  1207 | D:2      | Reached skill level 1 in Fire Magic
  1207 | D:2      | Reached skill level 1 in Ice Magic
  1207 | D:2      | Reached skill level 1 in Air Magic
  1207 | D:2      | Reached skill level 1 in Earth Magic
  1207 | D:2      | Reached skill level 1 in Poison Magic
  1559 | D:2      | Found a shimmering altar of Xom.
  1562 | D:2      | Found an ancient bone altar of Kikubaaqudgha.
  1565 | D:2      | Found a bloodstained altar of Trog.
  1688 | D:2      | Reached XP level 5. HP: 47/47 MP: 8/8
  1830 | D:2      | Found a sacrificial altar of Ru.
  1869 | D:2      | Reached ** piety under Lugonu
  1986 | D:3      | Noticed Jessica
  1992 | D:3      | Killed Jessica
  2581 | D:4      | Noticed an ogre
  2590 | D:4      | Killed an ogre
  2590 | D:4      | Reached skill level 5 in Axes
  2590 | D:4      | Reached skill level 5 in Armour
  2590 | D:4      | Reached skill level 5 in Invocations
  2590 | D:4      | Reached XP level 6. HP: 25/53 MP: 9/9
  2945 | D:4      | Reached XP level 7. HP: 30/59 MP: 10/10
  3171 | D:4      | Noticed Blork the orc
  3181 | D:4      | Killed Blork the orc
  3181 | D:4      | Reached skill level 7 in Fighting
  3493 | D:4      | Gained mutation: You are partially covered in iridescent
                  | scales. (AC +2) [potion of mutation]
  3493 | D:4      | Lost mutation: You are partially covered in iridescent
                  | scales. (AC +2) [potion of mutation]
  3493 | D:4      | Gained mutation: You have an increased reservoir of magic.
                  | (+10% MP) [potion of mutation]
  3493 | D:4      | Gained mutation: You are partially covered in rugged brown
                  | scales. (AC +1, +3% HP) [potion of mutation]
  3614 | D:5      | Entered Level 5 of the Dungeon
  3867 | D:5      | Killed from afar by an orc priest

Illustrated notes

Levels and vault maps discovered:
D:1:      dpeg_arrival_boxes_within_box, layout_rooms
D:2:      layout_loops_cross, nicolae_ru_awakened_eye,
          grunt_temple_overflow_diamond, chequers_hall_statues_wall_a,
          mrwooster_statue_mirror, corexii_shack
D:3:      layout_loops_cross, uniq_jessica
D:4:      layout_basic, uniq_blork_the_orc
D:5:      layout_basic, lemuel_round_altar

Skill      XL: |  1  2  3  4  5  6  7 |
---------------+----------------------+-----
Short Blades   | 1 2 |  2.7
Long Blades    | 1 2 |  2.7
Maces & Flails | 1 2 |  2.7
Polearms       | 1 2 |  2.7
Staves         | 1 2 |  2.7
Slings         | 1 2 |  2.7
Bows           | 1 2 |  2.7
Crossbows      | 1 2 |  2.7
Throwing       | 1 2 |  2.7
Stealth        | 1 2 |  2.7
Shields        | 1 2 |  2.7
Unarmed Combat | 1 2 |  2.7
Spellcasting   | 1 2 |  2.7
Evocations     | 1 2 |  2.7
Conjurations   | 1 2 |  2.2
Hexes          | 1 2 |  2.2
Summonings     | 1 2 |  2.2
Necromancy     | 1 2 |  2.2
Translocations | 1 2 |  2.2
Transmutations | 1 2 |  2.2
Fire Magic     | 1 2 |  2.2
Ice Magic      | 1 2 |  2.2
Air Magic      | 1 2 |  2.2
Earth Magic    | 1 2 |  2.2
Poison Magic   | 1 2 |  2.2
Dodging        | 3 |  3.8
Axes           | 5 |  5.3
Armour         | 5 |  5.3
Invocations    | 5 |  5.5
Fighting       | 7 |  7.1

Action                   |  1- 3 |  4- 6 |  7- 9 || total
-------------------------+-------+-------+-------++-------
Melee: Hand axe          |    67 |   107 |    58 ||   232
       Bite              |     9 |    16 |    10 ||    35
Throw: Dart              |     1 |       |     3 ||     4
Invok: Depart the Abyss  |     1 |       |       ||     1
  Use: Scroll            |     7 |       |     8 ||    15
       Potion            |       |       |     2 ||     2
Armor: Scale mail        |    23 |       |       ||    23
       Chain mail        |       |    58 |    20 ||    78
Dodge: Dodged            |    38 |    42 |    11 ||    91
Block: Tower shield      |       |       |    30 ||    30

Table legend: (Time is in decaauts)
 A = Elapsed time spent in this place.
 B = Non-inter-level travel time spent in this place.
 C = Inter-level travel time spent in this place.
 D = Time resting spent in this place.
 E = Time spent auto-exploring this place.
 F = Levels seen in this place.
 G = Mean time per level.
                   A        B        C        D        E       F      G
               +--------+--------+--------+--------+--------+-----+--------+
         Total |   3883 |   3773 |    110 |      0 |   3010 |   6 |  647.2 |
       Dungeon |   3713 |   3603 |    110 |      0 |   2883 |   5 |  742.6 |
         Abyss |    169 |    169 |      0 |      0 |    127 |   1 |  169.0 |
               +--------+--------+--------+--------+--------+-----+--------+

Top non-repeatable levels by time:
     D:4: 1047 daAuts
     D:2: 1045 daAuts
     D:1: 772 daAuts
     D:3: 592 daAuts
     D:5: 255 daAuts
 Abyss:1: 169 daAuts
